 Dungeon Crawl Stone Soup version 0.30-a0-12-gd8047c6341 (webtiles) character file.

Game seed: 13862769104195312399

462 Flugkiller the Chopper (level 6, -11/56 HPs)
             Began as a Minotaur Fighter on Aug 23, 2022.
             Was an Initiate of Okawaru.
             Killed from afar by Blork the orc (15 damage)
             ... with a bolt of light
             ... on level 5 of the Dungeon.
             The game lasted 00:01:51 (3702 turns).

Flugkiller the Chopper (Minotaur Fighter)           Turns: 3702, Time: 00:01:52

Health: -11/56     AC:  9    Str: 21    XL:     6   Next: 79%
Magic:  6/6        EV:  9    Int:  5    God:    Okawaru [......]
Gold:   292        SH:  9    Dex: 11    Spells: 5/5 levels left

rFire   . . .      SeeInvis .    a - +1 war axe
rCold   . . .      Faith    .    c - +0 buckler
rNeg    . . .      Spirit   .    b - +0 scale mail
rPois   .          Reflect  +    (helmet restricted)
rElec   .          Harm     .    (no cloak)
rCorr   .          Rampage  .    e - +0 pair of gloves
Will    .....                    s - +0 pair of boots
Stlth   ..........               g - amulet of reflection
HPRegen 0.18/turn                (no ring)
MPRegen 0.10/turn                (no ring)

@: no status effects
A: horns 2, retaliatory headbutt
a: Renounce Religion


You were on level 5 of the Dungeon.
You worshipped Okawaru.
Okawaru was noncommittal.
You visited 1 branch of the dungeon, and saw 5 of its levels.

You collected 292 gold pieces.

Inventory:

Hand Weapons
 a - a +1 war axe (weapon)
Armour
 b - a +0 scale mail (worn)
 c - a +0 buckler (worn)
 e - a +0 pair of gloves (worn)
   (You found it on level 3 of the Dungeon)
 s - a +0 pair of boots (worn)
   (You found it on level 3 of the Dungeon)
Jewellery
 g - an amulet of reflection (around neck)
   (You found it on level 4 of the Dungeon)
 p - the ring of Seqiuf {Ice +Blink Str+4}
   (You found it on level 3 of the Dungeon)

   [ring of ice]

   It enhances your ice magic.
   Str:       It affects your strength (+4).
   rF:        It makes you vulnerable to fire.
   rC:        It protects you from cold.
   +Blink:    It lets you blink.
Wands
 f - a wand of mindburst (10)
   (You found it on level 3 of the Dungeon)
Scrolls
 h - a scroll of teleportation {unknown}
 i - a scroll of enchant weapon
 r - a scroll of acquirement {unknown}
 t - a scroll of vulnerability
 u - a scroll of enchant armour
Potions
 d - 2 potions of might
 j - 2 potions of degeneration {unknown}
 k - a potion of berserk rage {unknown}
 l - 3 potions of haste {unknown}
 m - a potion of invisibility {unknown}
 n - 2 potions of attraction {unknown}
 o - 2 potions of mutation {unknown}
 q - 2 potions of curing
 v - a potion of lignification {unknown}
 w - 6 potions of heal wounds
 z - 2 potions of ambrosia {unknown}


   Skills:
 + Level 5.4 Fighting
 * Level 6.2 Axes
 + Level 5.4 Armour
 - Level 3.6 Shields
 + Level 1.4 Invocations
 + Level 0.7 Evocations


You had 5 spell levels left.
You didn't know any spells.
Your spell library was empty.

Dungeon Overview and Level Annotations

Branches:
Dungeon (5/15)
 Temple: D:4-7

Altars:
Makhleb
Okawaru

Annotations:
D:5 Blork the orc, Edmund


Innate Abilities, Weirdness & Mutations

You have a pair of horns on your head.
You reflexively headbutt those who attack you in melee.


Message History

There are monsters nearby!
You hit the hound.
The hound is lightly wounded.
You block the hound's attack. You block the adder's attack.
You slash the hound!
The hound is severely wounded.
You barely miss the adder. The hound closely misses you.
The adder bites you but does no damage. You block the hound's attack.
You hit the hound.
You kill the hound!
Okawaru accepts your kill.
You hit the adder. You block the adder's attack.
The adder bites you but does no damage.
You miss the adder. Your headbutt misses the adder.
The adder is lightly wounded.
You block the adder's attack. The adder bites you but does no damage.
You miss the adder.
The adder is lightly wounded.
The adder barely misses you.
You barely miss the adder.
The adder is lightly wounded.
The adder bites you but does no damage. x2
You slash the adder!
You kill the adder!
Okawaru accepts your kill.
No target in view!
No target in view!
Magic restored.
v - a bubbling brown potion Edmund the Younger comes into view.
He is wielding a +2 flail of venom.
Found a stone staircase leading down.
Edmund shouts!
Edmund is nearby!
Found a scroll of identify.
You see here a hound corpse.
There is a stone staircase leading up here.
You climb upwards.
There is a stone staircase leading down here.
There is an escape hatch in the floor here.
You slide downwards.
The hatch slams shut behind you.
Level annotation: Edmund The iguana hisses angrily.
You hear a shout!
An iguana is nearby!
An iguana is nearby!
An iguana is nearby!
An orc comes into view. It is wielding a +0 whip.
Found a hand axe.
Found a cloak.
Blork the orc comes into view.
He is wielding a +0 glaive and carrying a wand of light (9).
You barely miss the iguana.
Blork the orc shouts!
You headbutt the iguana.
The iguana is lightly wounded.
You block the iguana's attack.
You hit the iguana. Your headbutt misses the iguana.
The iguana is moderately wounded.
You slash the orc!
You kill the orc!
Okawaru accepts your kill.
Blork the orc gestures wildly while chanting.
Blork the orc seems to speed up.
The iguana bites you!
You hit the iguana but do no damage.
The iguana is moderately wounded.
The iguana bites you.
You slash the iguana!
You kill the iguana!
Okawaru accepts your kill. You block Blork the orc's attack.
Blork the orc barely misses you. You furiously retaliate!
You headbutt Blork the orc!
You see here an iguana corpse.
You completely miss Blork the orc. Your headbutt misses Blork the orc.
Blork the orc is moderately wounded.
Blork the orc hits you but does no damage.
You hit Blork the orc but do no damage.
Blork the orc is moderately wounded.
You block Blork the orc's attack. x2
You hit Blork the orc.
Blork the orc is moderately wounded.
Blork the orc hits you with a +0 glaive.
Blork the orc zaps a wand.
The bolt of light hits you.
You hit Blork the orc.
Blork the orc is heavily wounded.
Blork the orc zaps a wand.
The bolt of light hits you!
You are confused.
Blork the orc miscasts a cantrip.
You are too injured to fight recklessly!
You hit Blork the orc but do no damage. Your headbutt misses Blork the orc.
Blork the orc is heavily wounded.
Blork the orc hits you with a +0 glaive.
* * * LOW HITPOINT WARNING * * *
Blork the orc miscasts a cantrip.
You are too injured to fight recklessly!
Blork the orc attacks as you move away!
Blork the orc hits you but does no damage.
You feel less confused.
Blork the orc gestures at you while chanting.
The puff of frost hits you!
* * * LOW HITPOINT WARNING * * *
Blork the orc zaps a wand.
The bolt of light hits you!
You die...

.....####..
#..........
........#
####.......#
###.........
#........)#
#.....#..###
#....o†....##
.....##@.....###
### ##.#.....##
#.##.....+
#.##..#..#
..##.## .#
..[..# # #.#####
#.


You could see Blork the orc (fast).

Vanquished Creatures
  A black bear (D:4)
  3 hounds
  Jessica (D:2)
  2 iguanas
  Natasha (thrice) (D:4)
  5 adders
  A gnoll (D:4)
  3 orcs
  4 bats
  4 endoplasms
  2 giant cockroaches
  8 goblins
  6 hobgoblins
  3 jackals (D:4)
  3 quokkas
  3 ball pythons
  3 frilled lizards
  13 kobolds
  5 rats
73 creatures vanquished.

Notes
Turn   | Place    | Note
-------+----------+-------------------------------------------
     0 | D:1      | Flugkiller the Minotaur Fighter began the quest for the
                  | Orb.
     0 | D:1      | Reached XP level 1. HP: 19/19 MP: 0/0
   145 | D:1      | Reached XP level 2. HP: 27/27 MP: 1/1
   148 | D:1      | Reached skill level 3 in Axes
   292 | D:1      | Found a faded altar of an unknown god.
   651 | D:1      | You fall into a shaft and drop 1 floor!
   707 | D:2      | Reached XP level 3. HP: 33/33 MP: 2/2
   797 | D:2      | Noticed Jessica
   804 | D:2      | Killed Jessica
   805 | D:2      | Reached skill level 4 in Axes
   805 | D:2      | Reached XP level 4. HP: 10/40 MP: 3/3
  1974 | D:3      | Identified the ring of Seqiuf {Ice +Blink Str+4}
  2528 | D:4      | Reached XP level 5. HP: 32/47 MP: 4/4
  2638 | D:4      | Noticed Natasha
  2642 | D:4      | Killed Natasha
  2643 | D:4      | Reached skill level 5 in Axes
  2709 | D:4      | Noticed a black bear
  2740 | D:4      | Noticed Natasha
  2757 | D:4      | Killed Natasha
  2785 | D:4      | Found an iron altar of Okawaru.
  2847 | D:4      | Became a worshipper of Warmaster Okawaru
  2905 | D:4      | Noticed Natasha
  2915 | D:4      | Killed Natasha
  2916 | D:4      | Reached skill level 5 in Fighting
  2916 | D:4      | Reached skill level 5 in Armour
  2923 | D:4      | Killed a black bear
  2924 | D:4      | Reached skill level 1 in Invocations
  2924 | D:4      | Reached XP level 6. HP: 10/56 MP: 5/5
  3174 | D:4      | Found a burning altar of Makhleb.
  3349 | D:4      | Reached skill level 6 in Axes
  3629 | D:5      | Entered Level 5 of the Dungeon
  3664 | D:5      | Noticed Edmund
  3690 | D:5      | Noticed Blork the orc
  3702 | D:5      | Killed from afar by Blork the orc

Illustrated notes

Levels and vault maps discovered:
D:1:      nzn_arrival_water_spiral, layout_basic,
          chequers_ecumenical_altar_simple_redux, fountainhead
D:2:      layout_loops_corners, minmay_door_square, kennysheep_jessica_study
D:3:      layout_rooms, chequers_serial_rivers_small_a,
          kennysheep_generic_room_2
D:4:      layout_basic, okawaru_altar_gauntlet_db, amcnicky_altar_gilded,
          uniq_natasha
D:5:      dreamdust_elfheim, layout_rooms, mainiacjoe_overflow_24_doors,
          jmf_multi_god_temple2, uniq_blork_the_orc, uniq_eustachio, uniq_edmund

Skill      XL: |  1  2  3  4  5  6 |
---------------+-------------------+-----
Axes           | 3 4 5 6 |  6.2
Armour         | 4 5 |  5.4
Fighting       | 4 5 |  5.4
Invocations    | 1 |  1.4
Shields        | |  3.6
Evocations     | |  0.7

Action                   |  1- 3 |  4- 6 || total
-------------------------+-------+-------++-------
Melee: War axe           |    48 |   106 ||   154
       Headbutt          |     3 |    13 ||    16
Evoke: Wand              |       |     1 ||     1
  Use: Scroll            |       |     9 ||     9
Armor: Scale mail        |    18 |    81 ||    99
Dodge: Dodged            |    25 |    52 ||    77
Block: Buckler           |     7 |    34 ||    41
       Reflection        |       |     1 ||     1

Table legend: (Time is in decaauts)
 A = Elapsed time spent in this place.
 B = Non-inter-level travel time spent in this place.
 C = Inter-level travel time spent in this place.
 D = Time resting spent in this place.
 E = Time spent auto-exploring this place.
 F = Levels seen in this place.
 G = Mean time per level.
                   A        B        C        D        E       F      G
               +--------+--------+--------+--------+--------+-----+--------+
         Total |   3765 |   3576 |    189 |    479 |   2604 |   5 |  753.0 |
       Dungeon |   3765 |   3576 |    189 |    479 |   2604 |   5 |  753.0 |
               +--------+--------+--------+--------+--------+-----+--------+

Top non-repeatable levels by time:
     D:2: 1275 daAuts
     D:4: 1168 daAuts
     D:1: 666 daAuts
     D:3: 581 daAuts
     D:5: 73 daAuts
